[ AOE2 MATCH · #507393332 ]
UnrankedHuns vs Magyars
Player's team · WIN
Rival team · LOSS
[ REPLAY ANALYSIS · EXTRACTED FROM THE RECORDED GAME ]
Feudal
9:17
Castle
25:45
Imperial
56:01
| APM avg | 71.4 |
| APM peak | 112 |
| eAPM avg | 36.5 |
| Villagers / military | 113 / 183 |
Focus
⚔️ 35.2% · 🌾 64.8%
Knight ×72 · Cavalry Archer ×66 · Skirmisher ×13 · Spearman ×12 · Battering Ram ×10 · Scorpion ×3
Feudal
9:38
Castle
27:25
Imperial
—
| APM avg | 31.2 |
| APM peak | 71 |
| eAPM avg | 16.9 |
| Villagers / military | 79 / 49 |
Focus
⚔️ 39.2% · 🌾 60.8%
Spearman ×20 · Mangonel ×6 · Scorpion ×6 · Monk ×5 · Scout Cavalry ×4 · Knight ×3
Match map
Initial resources + every placement click. Lines = walls · curves = elevation contours. ◆ gold · ⬟ stone · ● berries · ✦ relic · ◌ wall gap
Your base· Open — unwalled flank
[Los Sanguinarios] Daro087's base· Open — 5t gap
Smoothed initial terrain · ◌ = detected wall gap · hover for details
Inputs per minute
— Pedro - - [Los Sanguinarios] Daro087
Build order — Pedro
First 150 of 469 actions detected
| 0:00 | Queue | Villager (Male) |
| 0:00 | Queue | Villager (Male) |
| 0:00 | Queue | Villager (Male) |
| 0:12 | Queue | Villager (Male) |
| 1:16 | Queue | Villager (Male) |
| 1:43 | Queue | Villager (Male) |
| 2:01 | Build | Lumber Camp |
| 2:10 | Queue | Villager (Male) |
| 2:36 | Queue | Villager (Male) |
| 2:55 | Queue | Villager (Male) |
| 3:47 | Queue | Villager (Male) |
| 3:48 | Queue | Villager (Male) |
| 4:15 | Queue | Villager (Male) |
| 4:35 | Build | Mill |
| 4:46 | Queue | Villager (Male) |
| 4:56 | Queue | Villager (Male) |
| 5:28 | Queue | Villager (Male) |
| 5:46 | Queue | Villager (Male) |
| 6:34 | Queue | Villager (Male) |
| 6:36 | Research | Loom |
| 7:03 | Research | Feudal Age |
| 7:47 | Queue | Villager (Male) |
| 7:57 | Build | Barracks |
| 8:07 | Queue | Villager (Male) |
| 8:12 | Queue | Villager (Male) |
| 8:14 | Queue | Villager (Male) |
| 9:17 | Age | Feudal Age |
| 9:23 | Queue | Villager (Male) |
| 9:25 | Build | Archery Range |
| 9:25 | Queue | Spearman |
| 9:25 | Queue | Spearman |
| 9:39 | Queue | Villager (Male) |
| 10:02 | Queue | Spearman |
| 10:03 | Queue | Skirmisher |
| 10:03 | Queue | Skirmisher |
| 10:18 | Queue | Skirmisher |
| 10:23 | Queue | Skirmisher |
| 10:30 | Queue | Skirmisher |
| 11:17 | Queue | Skirmisher |
| 11:17 | Queue | Skirmisher |
| 11:17 | Queue | Villager (Male) |
| 11:25 | Queue | Skirmisher |
| 11:25 | Queue | Skirmisher |
| 11:25 | Queue | Skirmisher |
| 11:27 | Queue | Spearman |
| 11:27 | Queue | Spearman |
| 11:27 | Queue | Spearman |
| 11:44 | Queue | Villager (Male) |
| 12:19 | Queue | Skirmisher |
| 12:20 | Queue | Skirmisher |
| 12:20 | Queue | Villager (Male) |
| 12:42 | Build | Palisade Gate |
| 12:43 | Queue | Villager (Male) |
| 12:44 | Queue | Villager (Male) |
| 12:54 | Build | Palisade Wall |
| 13:02 | Build | Palisade Gate |
| 13:05 | Build | Palisade Wall |
| 13:06 | Queue | Villager (Male) |
| 13:17 | Queue | Villager (Male) |
| 13:28 | Queue | Skirmisher |
| 13:29 | Queue | Villager (Male) |
| 13:29 | Queue | Spearman |
| 13:29 | Queue | Spearman |
| 13:43 | Queue | Villager (Male) |
| 13:55 | Queue | Spearman |
| 13:55 | Queue | Spearman |
| 14:10 | Research | Double-Bit Axe |
| 14:11 | Queue | Villager (Male) |
| 14:17 | Queue | Spearman |
| 14:36 | Queue | Spearman |
| 14:39 | Queue | Villager (Male) |
| 15:11 | Build | Watch Tower |
| 15:14 | Build | Watch Tower |
| 15:32 | Queue | Archer |
| 16:08 | Build | Market |
| 16:20 | Build | Farm |
| 16:21 | Build | Farm |
| 16:31 | Build | Palisade Wall |
| 16:32 | Build | Palisade Wall |
| 16:34 | Build | Palisade Wall |
| 16:38 | Queue | Villager (Male) |
| 16:40 | Build | Farm |
| 16:43 | Build | Farm |
| 17:09 | Queue | Villager (Male) |
| 17:13 | Build | Mining Camp |
| 17:33 | Queue | Villager (Male) |
| 17:49 | Build | Farm |
| 18:01 | Queue | Villager (Male) |
| 18:04 | Build | Farm |
| 18:20 | Queue | Villager (Male) |
| 19:04 | Queue | Villager (Male) |
| 19:10 | Build | Mining Camp |
| 19:29 | Queue | Villager (Male) |
| 19:36 | Build | Watch Tower |
| 19:45 | Build | Farm |
| 19:46 | Queue | Villager (Male) |
| 19:50 | Build | Farm |
| 20:01 | Queue | Villager (Male) |
| 20:03 | Build | Farm |
| 20:28 | Build | Watch Tower |
| 20:32 | Queue | Villager (Male) |
| 20:35 | Build | Blacksmith |
| 20:47 | Build | Farm |
| 20:48 | Queue | Villager (Male) |
| 20:51 | Build | Lumber Camp |
| 21:07 | Queue | Villager (Male) |
| 21:09 | Build | Farm |
| 21:30 | Build | Farm |
| 21:41 | Queue | Villager (Male) |
| 21:43 | Build | Farm |
| 21:44 | Queue | Villager (Male) |
| 21:59 | Queue | Villager (Male) |
| 22:01 | Queue | Villager (Male) |
| 22:33 | Build | Farm |
| 22:34 | Build | Farm |
| 23:05 | Research | Castle Age |
| 23:27 | Build | Stable |
| 23:52 | Research | Scale Barding Armor |
| 24:09 | Build | Farm |
| 24:20 | Build | Stable |
| 24:24 | Research | Forging |
| 25:09 | Build | Farm |
| 25:13 | Research | Bloodlines |
| 25:32 | Build | Farm |
| 25:33 | Queue | Villager (Male) |
| 25:45 | Age | Castle Age |
| 25:47 | Queue | Knight |
| 25:47 | Queue | Knight |
| 25:48 | Queue | Knight |
| 26:08 | Research | Scale Mail Armor |
| 26:09 | Queue | Knight |
| 26:09 | Queue | Knight |
| 26:13 | Queue | Villager (Male) |
| 26:20 | Build | Siege Workshop |
| 26:28 | Queue | Villager (Male) |
| 26:32 | Build | Farm |
| 26:33 | Queue | Villager (Male) |
| 26:38 | Queue | Knight |
| 26:38 | Queue | Knight |
| 26:56 | Queue | Knight |
| 26:56 | Queue | Knight |
| 26:59 | Queue | Villager (Male) |
| 27:13 | Build | Farm |
| 27:25 | Queue | Knight |
| 27:44 | Queue | Knight |
| 27:51 | Queue | Mangonel |
| 27:52 | Queue | Mangonel |
| 28:07 | Queue | Knight |
| 28:18 | Queue | Villager (Male) |
| 28:19 | Build | Farm |
Build order — [Los Sanguinarios] Daro087
First 150 of 218 actions detected
| 0:00 | Queue | Villager (Male) |
| 0:00 | Queue | Villager (Male) |
| 0:01 | Queue | Villager (Male) |
| 0:02 | Build | House |
| 0:04 | Build | House |
| 0:15 | Queue | Villager (Male) |
| 1:34 | Queue | Villager (Male) |
| 1:45 | Build | Lumber Camp |
| 2:01 | Queue | Villager (Male) |
| 2:01 | Queue | Villager (Male) |
| 2:40 | Queue | Villager (Male) |
| 2:41 | Queue | Villager (Male) |
| 3:13 | Queue | Villager (Male) |
| 3:17 | Build | House |
| 3:19 | Build | House |
| 4:03 | Queue | Villager (Male) |
| 4:03 | Queue | Villager (Male) |
| 4:03 | Queue | Villager (Male) |
| 4:35 | Queue | Villager (Male) |
| 5:05 | Queue | Villager (Male) |
| 5:21 | Queue | Villager (Male) |
| 5:36 | Build | Mill |
| 5:40 | Queue | Villager (Male) |
| 6:28 | Research | Loom |
| 6:41 | Queue | Villager (Male) |
| 7:00 | Queue | Villager (Male) |
| 7:28 | Research | Feudal Age |
| 7:41 | Build | Barracks |
| 7:45 | Build | Palisade Wall |
| 7:49 | Build | Palisade Wall |
| 8:54 | Build | House |
| 9:38 | Age | Feudal Age |
| 9:56 | Queue | Villager (Male) |
| 9:57 | Queue | Villager (Male) |
| 10:10 | Build | Stable |
| 10:14 | Build | Blacksmith |
| 10:16 | Queue | Villager (Male) |
| 10:16 | Queue | Villager (Male) |
| 10:33 | Build | House |
| 11:18 | Queue | Scout Cavalry |
| 11:18 | Queue | Scout Cavalry |
| 11:27 | Build | Archery Range |
| 11:50 | Queue | Scout Cavalry |
| 11:50 | Queue | Scout Cavalry |
| 12:22 | Queue | Villager (Male) |
| 12:22 | Queue | Villager (Male) |
| 12:23 | Queue | Villager (Male) |
| 12:37 | Build | Watch Tower |
| 13:01 | Queue | Skirmisher |
| 13:01 | Queue | Skirmisher |
| 13:09 | Build | House |
| 13:26 | Queue | Villager (Male) |
| 13:26 | Queue | Villager (Male) |
| 14:09 | Build | House |
| 14:13 | Queue | Villager (Male) |
| 14:13 | Queue | Villager (Male) |
| 14:46 | Build | Mining Camp |
| 14:47 | Queue | Villager (Male) |
| 14:52 | Build | Farm |
| 14:52 | Build | Farm |
| 14:52 | Build | Farm |
| 15:25 | Queue | Villager (Male) |
| 15:30 | Build | Farm |
| 16:14 | Queue | Villager (Male) |
| 16:16 | Build | Farm |
| 16:43 | Build | Farm |
| 16:47 | Build | Farm |
| 17:24 | Queue | Villager (Male) |
| 17:32 | Build | Market |
| 17:51 | Queue | Villager (Male) |
| 17:54 | Build | Farm |
| 18:08 | Build | House |
| 18:11 | Queue | Villager (Male) |
| 18:28 | Build | House |
| 18:31 | Build | Palisade Wall |
| 18:34 | Build | House |
| 19:54 | Build | Lumber Camp |
| 20:33 | Build | Watch Tower |
| 20:52 | Queue | Villager (Male) |
| 20:52 | Queue | Villager (Male) |
| 21:07 | Research | Fletching |
| 22:09 | Build | Watch Tower |
| 22:23 | Queue | Villager (Male) |
| 22:23 | Queue | Villager (Male) |
| 22:24 | Build | Farm |
| 22:26 | Build | Farm |
| 22:49 | Build | Mining Camp |
| 22:53 | Queue | Villager (Male) |
| 23:17 | Build | House |
| 23:20 | Build | House |
| 23:22 | Build | House |
| 23:29 | Queue | Villager (Male) |
| 23:36 | Build | Farm |
| 23:43 | Build | House |
| 23:45 | Build | House |
| 24:25 | Build | Farm |
| 24:27 | Build | Farm |
| 24:31 | Build | Farm |
| 24:45 | Research | Castle Age |
| 25:11 | Build | House |
| 25:15 | Build | House |
| 25:22 | Research | Horse Collar |
| 25:55 | Build | Farm |
| 26:05 | Build | Farm |
| 26:10 | Research | Town Watch |
| 26:42 | Queue | Villager (Male) |
| 26:45 | Research | Gold Mining |
| 27:25 | Age | Castle Age |
| 27:42 | Build | Siege Workshop |
| 27:44 | Queue | Knight |
| 27:44 | Queue | Knight |
| 27:53 | Build | Palisade Wall |
| 28:03 | Build | Monastery |
| 28:21 | Queue | Scorpion |
| 28:21 | Queue | Scorpion |
| 28:31 | Queue | Monk |
| 28:45 | Queue | Knight |
| 29:03 | Queue | Monk |
| 29:16 | Build | Farm |
| 30:44 | Build | Town Center |
| 32:04 | Research | Bodkin Arrow |
| 32:35 | Queue | Villager (Male) |
| 32:35 | Queue | Villager (Male) |
| 33:00 | Queue | Mangonel |
| 33:23 | Queue | Villager (Male) |
| 33:24 | Queue | Villager (Male) |
| 33:30 | Build | Farm |
| 33:30 | Build | Farm |
| 34:20 | Queue | Villager (Male) |
| 34:20 | Queue | Villager (Male) |
| 34:32 | Build | Stone Wall |
| 34:38 | Build | Stone Wall |
| 35:15 | Queue | Mangonel |
| 35:43 | Queue | Villager (Male) |
| 35:43 | Queue | Villager (Male) |
| 37:00 | Queue | Villager (Male) |
| 37:00 | Queue | Villager (Male) |
| 37:07 | Build | Stone Wall |
| 37:15 | Queue | Mangonel |
| 38:02 | Queue | Villager (Male) |
| 38:05 | Build | Farm |
| 38:29 | Research | Pikeman (upgrade) |
| 38:35 | Queue | Villager (Male) |
| 38:49 | Build | House |
| 38:52 | Build | House |
| 38:53 | Build | House |
| 38:56 | Build | Stone Wall |
| 39:02 | Build | House |
| 39:12 | Queue | Spearman |
| 39:12 | Queue | Spearman |
Match timeline
| 7:41 | [Los Sanguinarios] Daro087 · first_building Barracks |
| 7:45 | [Los Sanguinarios] Daro087 · wall_segment Palisade Wall x5 |
| 7:49 | [Los Sanguinarios] Daro087 · wall_segment Palisade Wall x2 |
| 7:57 | Pedro · first_building Barracks |
| 9:17 | Pedro · age_up feudal |
| 9:25 | Pedro · first_building Archery Range |
| 9:38 | [Los Sanguinarios] Daro087 · age_up feudal |
| 10:10 | [Los Sanguinarios] Daro087 · first_building Stable |
| 11:27 | [Los Sanguinarios] Daro087 · first_building Archery Range |
| 12:54 | Pedro · wall_segment Palisade Wall x2 |
| 13:05 | Pedro · wall_segment Palisade Wall x5 |
| 16:31 | Pedro · wall_segment Palisade Wall x1 |
| 16:32 | Pedro · wall_segment Palisade Wall x1 |
| 16:34 | Pedro · wall_segment Palisade Wall x2 |
| 18:31 | [Los Sanguinarios] Daro087 · wall_segment Palisade Wall x1 |
| 19:27 | [Los Sanguinarios] Daro087 · first_market_buy 100 stone |
| 19:51 | Pedro · first_market_sell 100 wood |
| 22:08 | Pedro · first_market_buy 100 food |
| 23:27 | Pedro · first_building Stable |
| 25:45 | Pedro · age_up castle |
| 26:20 | Pedro · first_building Siege Workshop |
| 27:25 | [Los Sanguinarios] Daro087 · age_up castle |
| 27:42 | [Los Sanguinarios] Daro087 · first_building Siege Workshop |
| 27:53 | [Los Sanguinarios] Daro087 · wall_segment Palisade Wall x1 |
| 28:03 | [Los Sanguinarios] Daro087 · first_building Monastery |
| 28:59 | [Los Sanguinarios] Daro087 · first_market_sell 100 wood |
| 29:33 | Pedro · first_building Monastery |
| 34:32 | [Los Sanguinarios] Daro087 · wall_segment Stone Wall x2 |
| 34:38 | [Los Sanguinarios] Daro087 · wall_segment Stone Wall x7 |
| 37:07 | [Los Sanguinarios] Daro087 · wall_segment Stone Wall x1 |
| 38:56 | [Los Sanguinarios] Daro087 · wall_segment Stone Wall x1 |
| 52:14 | [Los Sanguinarios] Daro087 · first_building Castle |
| 56:01 | Pedro · age_up imperial |
| 56:02 | Pedro · first_building Castle |
| 58:29 | [Los Sanguinarios] Daro087 · resign |
[ AI ANALYSIS · 1 CREDIT ]
What really happened in this match?
Wolo.gg analyzes every decision: build order, eco, micro, common mistakes by bracket. Personalized analysis on WhatsApp or Discord in 30 seconds.
Civ guide
Huns
Perfil
Pedro